cohdb
Replays
Latest Replays
All Replays
Popular Replays
Top Player Replays
Match Explorer
How It Works
Community
CoH3 Stats
Reddit
Sign in to upload your games and track your stats! →
Sign in with Steam
Match 42973927
Unlisted
Match 42973927
Overview
Messages
Build Orders
End
Vickers Machine Gun Team
Construct Section Command Post
Selects Air and Sea Battlegroup
Infantry Section
Infantry Section
Grenade Package
Selects Supply Surplus
Infantry Section
Construct Platoon Command Post
6-pounder Anti-tank Gun Team
Humber Armored Car
CMP 15cwt Truck
Selects Commando Section Paradrop
Selects M1 Pack Howitzer Paradrop
Construct Company Command Post
Commando Section Paradrop
Unlock M3 Grant Medium Tanks
M3 Grant Medium Tank
Skibana
Tok3n x Operator
Engine Burnout
woodland slate humber
0
0
Comments
sign in to comment!
No comments posted yet!